[Event "TOP 12F 2021"]
[Site "RENNES, France"]
[Date "2021.08.26"]
[Round "1.1"]
[White "Seite, Yamina"]
[Black "Benmesbah, Natacha"]
[Result "0-1"]
[TimeControl "1H30 + 30 sec/coup"]
[WhiteElo "1870"]
[BlackElo "2239"]

1. e4 d6 2. d4 Nf6 3. Nc3 e5 4. f4 Nbd7 5. Nf3 exd4 6. Nxd4 Nc5 7. Bc4 Bg4 8. Nf3 Be7 9. O-O O-O 10.
Qe1 c6 11. e5 Ne8 12. b4 Ne6 13. a3 a5 14. bxa5 Qxa5 15. Bd3 Nc5 16. Bd2 Nxd3 17. cxd3 dxe5 18. fxe5 Rd8 19. Qe4 Bh5 20.
e6 Bg6 21. exf7+ Rxf7 22. Qe6 Nc7 23. Qa2 Rxd3 24. Rae1 Qxa3 25. Qc4 Qc5+ 26. Qxc5 Bxc5+ 27. Kh1 Rfxf3 28. Rxf3 Rxd2 0-1

[Event "TOP 12F 2021"]
[Site "RENNES, France"]
[Date "2021.08.26"]
[Round "1.2"]
[White "Afraoui, Anaelle"]
[Black "Le Marec, Laura"]
[Result "1-0"]
[TimeControl "1H30 + 30 sec/coup"]
[WhiteElo "2118"]
[BlackElo "2118"]

1. e4 c5 2. Nf3 a6 3. c4 e6 4. Nc3 Qc7 5. d4 cxd4 6. Nxd4 Nf6 7. Be2 b6 8. O-O Bb7 9. Qd3 d6 10.
Be3 Nbd7 11. Qc2 Be7 12. Rac1 O-O 13. f3 Rac8 14. Rfd1 Rfe8 15. Bf1 Qb8 16. Qf2 Bd8 17. b3 Bc7 18.
Qh4 Ne5 19. Nde2 Ng6 20. Qh3 d5 21. exd5 exd5 22. Bg5 dxc4 23. Bxf6 gxf6 24. bxc4 Bf4 25. Nxf4 Qxf4 26. Qd7 Re7 27.
Qd4 Qxd4+ 28. Rxd4 b5 29. cxb5 axb5 30. Ne2 Rxc1 31. Nxc1 Re1 32. Nb3 Ne5 33. Kf2 Rb1 34. Bxb5 Kf8 35.
h3 Rb2+ 36. Rd2 Rxd2+ 37. Nxd2 Nc6 38. a3 Nd4 39. Bd3 h6 40. Ke3 Ne6 41. Ne4 Ke7 42. Ng3 Kf8 43. Nf5 h5 44. Ng3 Ng7 45.
a4 Ke7 46. Nf5+ Nxf5+ 47. Bxf5 Kd6 48. Kf4 Ba6 49. h4 Bf1 50. g4 hxg4 51. fxg4 Ke7 52. h5 Ba6 53. h6 Kf8 54. Ke4 Bb7+ 55.
Kd4 Kg8 56. a5 Ba6 57. Kc5 Kf8 58. Kb6 Bc4 59. a6 Bxa6 60. Kxa6 Kg8 61. Kb6 Kh8 62. Kc7 Kg8 63. Kd7 Kh8 64.
Ke7 Kg8 65. h7+ Kh8 66. Bc8 Kxh7 67. Kxf7 Kh8 68. Kxf6 1-0

[Event "TOP 12F 2021"]
[Site "RENNES, France"]
[Date "2021.08.26"]
[Round "1.3"]
[White "Bonvalot, Isabelle"]
[Black "Girod, Sarah"]
[Result "1-0"]
[TimeControl "1H30 + 30 sec/coup"]
[WhiteElo "1831"]
[BlackElo "1504"]

1. e4 e5 2. Bc4 Nf6 3. Nc3 Bc5 4. f4 d6 5. Nf3 Nc6 6. d3 Be6 7. Bxe6 fxe6 8. Na4 exf4 9. Nxc5 dxc5 10.
Bxf4 Qe7 11. O-O e5 12. Bg3 Nh5 13. Bh4 Qd7 14. Kh1 Nf6 15. Qe1 O-O-O 16. Qc3 Qd6 17. a4 h6 18. a5 a6 19.
Bg3 Ng4 20. h3 Ne3 21. Rf2 Qg6 22. Bxe5 Nxe5 23. Qxe5 c4 24. Qf4 Nxg2 25. Rxg2 Qc6 26. Ne5 Qe8 27. Nf7 Rf8 28. Qg4+ Rd7 29.
e5 h5 30. Qxc4 Qxf7 31. e6 Qf3 32. exd7+ Kxd7 33. Qh4 g5 34. Qg3 Qf5 35. Re1 Qxa5 36. Qe3 Qd5 37. Qe7+ 1-0

[Event "TOP 12F 2021"]
[Site "RENNES, France"]
[Date "2021.08.26"]
[Round "1.4"]
[White "Langer, Karele"]
[Black "Demais, Eilean"]
[Result "1/2-1/2"]
[TimeControl "1H30 + 30 sec/coup"]
[WhiteElo "1320"]
[BlackElo "1463"]

1. d4 Nf6 2. c4 c5 3. e3 g6 4. Nf3 Bg7 5. Be2 O-O 6. O-O b6 7. dxc5 bxc5 8. Ne5 Ne4 9. Qd5 Bxe5 10.
Qxe5 Bb7 11. f3 d6 12. Qf4 Nf6 13. b3 Nbd7 14. Bb2 Ne5 15. Bxe5 Nh5 16. Qg5 f6 17. Bxf6 exf6 18. Qh4 Qe7 19.
e4 Qe5 20. Na3 Qb2 21. Nb5 Qxe2 22. Nxd6 Bc6 23. Qg4 Rad8 24. Qe6+ Kg7 25. Qe7+ Kg8 26. Qe6+ Kg7 27. Qe7+ Kg8 28.
Qe6+ 1/2-1/2

[Event "TOP 12F 2021"]
[Site "RENNES, France"]
[Date "2021.08.26"]
[Round "1.5"]
[White "Guichard, Pauline"]
[Black "Vega Gutierrez, Sabrina"]
[Result "0-1"]
[TimeControl "1H30 + 30 sec/coup"]
[WhiteElo "2414"]
[BlackElo "2392"]

1. d4 d5 2. c4 e6 3. Nc3 Nf6 4. Nf3 a6 5. c5 b6 6. cxb6 cxb6 7. Bf4 Bb7 8. e3 Bd6 9. Bd3 O-O 10.
O-O b5 11. a4 Bxf4 12. exf4 b4 13. Na2 Qd6 14. g3 Nc6 15. Nc1 Na5 16. Nb3 Nxb3 17. Qxb3 a5 18. Rfc1 Rfc8 19. Bb5 Rc7 20.
Qd1 Rac8 21. Nd2 Qb6 22. Nb3 Ne4 23. Rxc7 Rxc7 24. Rc1 g6 25. Rc2 Nd6 26. Rc5 Ne4 27. Rc2 Nd6 28. Rxc7 Qxc7 29.
Nc5 Nf5 30. h4 Bc6 31. Bf1 Qe7 32. Bh3 Nd6 33. Qe2 Ne4 34. Nxe4 dxe4 35. Bg2 Qd7 36. Qc4 Bd5 37. Qe2 Qxa4 38.
h5 Qb3 39. h6 Qd3 40. Qe1 Qc2 41. f5 exf5 42. Bf1 f4 43. gxf4 Qxb2 44. f5 Qc3 45. Qe2 Qc6 46. Qg4 Qd6 47.
Bg2 b3 48. Bxe4 b2 49. Bb1 Qc6 50. Qe2 Qc1+ 51. Kh2 Qxh6+ 52. Kg3 Qg5+ 53. Kh3 Qg2+ 54. Kh4 g5+ 0-1

[Event "TOP 12F 2021"]
[Site "RENNES, France"]
[Date "2021.08.26"]
[Round "1.6"]
[White "Navrotescu, Andreea"]
[Black "Gaponenko, Inna"]
[Result "0-1"]
[TimeControl "1H30 + 30 sec/coup"]
[WhiteElo "2249"]
[BlackElo "2357"]

1. c4 e6 2. Nc3 d5 3. d4 c6 4. e4 dxe4 5. Nxe4 Bb4+ 6. Nc3 e5 7. a3 Bxc3+ 8. bxc3 Qa5 9. Bd2 Nf6 10.
Bd3 e4 11. Be2 b6 12. h4 O-O 13. Nh3 Re8 14. Nf4 e3 15. fxe3 Ne4 16. O-O Nd7 17. Bd3 Ndf6 18. Qc2 h6 19.
d5 Qc5 20. Rae1 Ba6 21. Nh5 Bxc4 22. Nxf6+ Nxf6 23. Bxc4 Qxc4 24. Rf4 Ne4 25. Ref1 Qxd5 26. Be1 Re7 27. c4 Qe6 28. h5 Rae8 29.
Bh4 Rd7 30. Rd1 Rxd1+ 31. Qxd1 Nc3 32. Qf1 Qxe3+ 33. Kh1 Qe2 34. Rxf7 Qxh5 35. Rf4 Ne2 0-1

[Event "TOP 12F 2021"]
[Site "RENNES, France"]
[Date "2021.08.26"]
[Round "1.7"]
[White "Haussernot, Cecile"]
[Black "Broly, Mathilde"]
[Result "1-0"]
[TimeControl "1H30 + 30 sec/coup"]
[WhiteElo "2171"]
[BlackElo "2154"]

1. d4 Nf6 2. Bf4 d5 3. e3 g6 4. Nf3 Bg7 5. c3 O-O 6. Bd3 b6 7. Qe2 Bb7 8. Nbd2 c5 9. O-O Nc6 10.
h3 Nd7 11. Rad1 e5 12. dxe5 Ndxe5 13. Ba6 Bxa6 14. Qxa6 Qf6 15. Bg5 Qf5 16. Nxe5 Nxe5 17. f4 Qd3 18. Qb7 Rfb8 19. Qc7 Qxe3+ 20. Kh2 Nd3 21. Nf3 h6 22. Bh4 Rc8 23. Qb7 d4 24. Ne5 Nxe5 25. fxe5 Qxe5+ 26. Bg3 Qe8 27. Rde1 Qf8 28. Re7 f6 29.
Bd6 Rd8 30. Qd5+ Kh8 31. Rfe1 Qg8 32. Qc6 Bf8 33. cxd4 cxd4 34. Bb4 Bg7 35. Rxg7 Qxg7 36. Re7 Qf8 37. Rc7 Re8 38. Bxf8 Rxf8 1-0

[Event "TOP 12F 2021"]
[Site "RENNES, France"]
[Date "2021.08.26"]
[Round "1.8"]
[White "Nicoara, Malina"]
[Black "Thomas, Apolline"]
[Result "1/2-1/2"]
[TimeControl "1H30 + 30 sec/coup"]
[WhiteElo "2066"]
[BlackElo "1954"]

1. d4 d5 2. c4 c6 3. Nf3 Nf6 4. Nc3 dxc4 5. a4 Bf5 6. Bf4 e6 7. e3 Bb4 8. Bxc4 Ne4 9. Qb3 Qe7 10.
h3 O-O 11. O-O a5 12. Rfd1 Na6 13. Rac1 Nc7 14. Nxe4 Bxe4 15. Ng5 Bg6 16. Nf3 Nd5 17. Bg3 Bh5 18. e4 Nb6 19. Be2 Rac8 20.
Bh4 Qd6 21. Bg3 Qe7 22. Bh4 Qd6 23. Bg3 Qe7 1/2-1/2

[Event "TOP 12F 2021"]
[Site "RENNES, France"]
[Date "2021.08.26"]
[Round "1.9"]
[White "Paehtz, Elisabeth"]
[Black "Savina, Anastasia"]
[Result "1-0"]
[TimeControl "1H30 + 30 sec/coup"]
[WhiteElo "2466"]
[BlackElo "2336"]

1. d4 d6 2. g3 g6 3. Bg2 Bg7 4. e4 Nd7 5. Ne2 e5 6. dxe5 dxe5 7. b3 h5 8. h3 h4 9. g4 b6 10.
a4 Bb7 11. Ba3 f5 12. Nec3 Ngf6 13. gxf5 gxf5 14. exf5 Bxg2 15. Rg1 Bf8 16. Rxg2 Nc5 17. Nd2 Qd7 18. Bxc5 Bxc5 19. Qf3 Rd8 20.
Nde4 Nxe4 21. Nxe4 Bb4+ 22. c3 Be7 23. Rg7 Qd3 24. Qg4 1-0

[Event "TOP 12F 2021"]
[Site "RENNES, France"]
[Date "2021.08.26"]
[Round "1.10"]
[White "Doluhanova, Evgeniya"]
[Black "Skripechenko, Almira"]
[Result "1/2-1/2"]
[TimeControl "1H30 + 30 sec/coup"]
[WhiteElo "2207"]
[BlackElo "2411"]

1. e4 d6 2. d4 Nf6 3. Nd2 e5 4. dxe5 dxe5 5. Ngf3 Bc5 6. Bd3 O-O 7. O-O Nc6 8. Nc4 Bg4 9. Be3 Qe7 10. Bxc5 Qxc5 11. Ne3 Bh5 12. Nf5 Rad8 13. Ng3 Bg6 14. Qe2 Nh5 15. Nxh5 Bxh5 16.
Qe3 Qxe3 17. fxe3 f6 18. a3 Bf7 19. Kf2 Ne7 20. Ke2 Nc8 21. Nd2 Nd6 22. b3 Bh5+ 23. Ke1 Bg6 24. h3 Rd7 25. Ke2 Rfd8 26. g4 c5 27.
a4 b6 28. Kf3 Bf7 29. Rf2 Be6 30. Rg1 Rf8 31. Ke2 h6 32. h4 Rfd8 33. g5 fxg5 34. hxg5 h5 35. g6 Bg4+ 36. Ke1 Re7 37. Be2 Re6 38.
Bxg4 Rxg6 39. Rfg2 hxg4 40. Rxg4 Rxg4 41. Rxg4 Kf7 42. Ke2 Kf6 43. Rg1 Rh8 44. Kd3 Rd8 45. Ke2 a6 46. Rf1+ Ke6 47.
Rg1 Rd7 48. Rg6+ Kf7 49. Nf3 Kxg6 50. Nxe5+ Kh5 51. Nxd7 Nxe4 52. Nxb6 g5 53. Kf3 Nd2+ 54. Kg2 a5 55. e4 Kg4 56.
Nd5 c4 57. b4 Nxe4 58. bxa5 Nc5 59. Ne3+ Kf4 60. Nxc4 Ke4 61. Nb6 Kd4 62. Kg3 Kc3 63. Kg4 Kb4 64. Kxg5 Kxa5 65. Nd5 Nxa4 66.
Kf4 Kb5 67. Ne3 Nc3 68. Ke5 Kc5 69. Nf1 Nb1 70. Ke4 1/2-1/2

[Event "TOP 12F 2021"]
[Site "RENNES, France"]
[Date "2021.08.26"]
[Round "1.11"]
[White "Steil-Antoni, Fiona"]
[Black "Dornbusch, Tatiana"]
[Result "0-1"]
[TimeControl "1H30 + 30 sec/coup"]
[WhiteElo "2153"]
[BlackElo "2249"]

1. e4 e5 2. Nf3 Nc6 3. d4 exd4 4.
Nxd4 Bc5 5. Be3 Qf6 6. c3 Nge7 7. g3 d5 8. Bg2 Nxd4 9. cxd4 Bb4+ 10. Nc3 Bxc3+ 11. bxc3 dxe4 12. Bxe4 O-O 13.
O-O c6 14. Rb1 b6 15. Qh5 h6 16. Rfe1 Bf5 17. Bxf5 Qxf5 18. Qxf5 Nxf5 19. Bf4 g5 20. Bc1 Rfe8 21. Ba3 f6 22.
Kf1 Kf7 23. h3 h5 24. Bb4 h4 25. g4 Ng7 26. a4 Rxe1+ 27. Rxe1 Ne6 28. Re3 c5 29. dxc5 bxc5 30. Ba5 Rb8 31.
c4 Rb1+ 32. Re1 Rb2 33. Rd1 Ke7 34. Bd2 Rc2 35. a5 Rxc4 36. Rb1 Rd4 37. Bc3 Rd7 38. Rb8 Nf4 39. f3 Nxh3 40. Rc8 Nf4 41.
Rxc5 Rd1+ 0-1

[Event "TOP 12F 2021"]
[Site "RENNES, France"]
[Date "2021.08.26"]
[Round "1.12"]
[White "Leconte, Maria"]
[Black "Thomas, Anysia"]
[Result "1-0"]
[TimeControl "1H30 + 30 sec/coup"]
[WhiteElo "2232"]
[BlackElo "2170"]

1. e4 c5 2. Nf3 g6 3. d4 cxd4 4. Qxd4 Nf6 5. Nc3 Nc6 6. Qa4 d6 7. e5 dxe5 8. Nxe5 Bd7 9. Nxd7 Nxd7 10.
Be3 Nb6 11. Qb5 Bg7 12. a4 O-O 13. a5 Bxc3+ 14. bxc3 Nd5 15. O-O-O e6 16. c4 Nc3 17. Rxd8 Raxd8 18. Qb3 Rd1+ 19.
Kb2 Nb1 20. g3 Nd2 21. Bxd2 Rxd2 22. Qe3 Rd7 23. h4 h5 24. g4 Nxa5 25. Bd3 Rc8 26. gxh5 Rxc4 27. hxg6 Rb4+ 28. Kc3 Nc6 29.
Qh6 Rg4 30. gxf7+ Rxf7 31. Bh7+ Rxh7 32. Qxe6+ Rf7 33. Qxg4+ 1-0

[Event "TOP 12F 2021"]
[Site "RENNES, France"]
[Date "2021.08.26"]
[Round "1.13"]
[White "Auvray, Juliette"]
[Black "Sebag, Marie"]
[Result "0-1"]
[TimeControl "1H30 + 30 sec/coup"]
[WhiteElo "2004"]
[BlackElo "2447"]

1. e4 c5 2. Nf3 d6 3. d4 cxd4 4. Nxd4 Nf6 5. Nc3 a6 6. f3 e5 7. Nb3 Be6 8. Be3 h5 9. Qd2 Nbd7 10.
Nd5 Bxd5 11. exd5 g6 12. Be2 Bg7 13. c4 b6 14. O-O O-O 15. Rac1 Rc8 16. Na1 a5 17. a3 a4 18. Qb4 Nc5 19.
Bxc5 bxc5 20. Qxa4 e4 21. Qc2 exf3 22. Bxf3 Rb8 23. Rb1 Ng4 24. Bxg4 hxg4 25. Kh1 Qh4 26. g3 Qh3 27. Rg1 Rfe8 28.
b4 cxb4 29. Rxb4 Ra8 30. a4 Re3 31. Rb3 Re5 32. Ra3 Rae8 33. Qg2 Qxg2+ 34. Kxg2 Re2+ 35. Kh1 Bd4 36. Rf1 Re1 37. Rxe1 Rxe1+ 0-1

[Event "TOP 12F 2021"]
[Site "RENNES, France"]
[Date "2021.08.26"]
[Round "1.14"]
[White "Javakhishvili, Lela"]
[Black "Coriat, Caroline"]
[Result "1-0"]
[TimeControl "1H30 + 30 sec/coup"]
[WhiteElo "2470"]
[BlackElo "1784"]

1. d4 d5 2. c4 e6 3. Nc3 Bb4 4. e3 Nf6 5. a3 Bxc3+ 6. bxc3 c5 7. cxd5 exd5 8. Bd3 Nc6 9. Ne2 O-O 10.
O-O Qa5 11. Bd2 c4 12. Bc2 Ne4 13. Be1 Re8 14. Qb1 f5 15. f3 Nd6 16. Bd2 Ne7 17. Ng3 g6 18. Qb2 Bd7 19. Rae1 Ba4 20.
Bb1 Qb5 21. Qc1 Qb3 22. e4 fxe4 23. Bf4 Nb5 24. Be5 Nc6 25. Bf6 Rf8 26. Qg5 Qxc3 27. Qxd5+ Rf7 28. Nxe4 Qxa3 29. Ng5 Qf8 30.
Qxc4 Nd6 31. Qa2 Bb5 32. Nxf7 Qxf7 33. Qe6 Bxf1 34. Kxf1 Qxe6 35. Rxe6 Nc4 36. Ba2 b5 37. Rxc6 1-0

[Event "TOP 12F 2021"]
[Site "RENNES, France"]
[Date "2021.08.26"]
[Round "1.15"]
[White "Maisuradze, Nino"]
[Black "Boutant, Jade"]
[Result "1-0"]
[TimeControl "1H30 + 30 sec/coup"]
[WhiteElo "2245"]
[BlackElo "1747"]

1. Nf3 d5 2. b3 Nf6 3. Bb2 c5 4. e3 e6 5. d4 cxd4 6. exd4 Be7 7. Nbd2 O-O 8. Bd3 Nc6 9. a3 Qc7 10.
O-O b6 11. Ne5 Bb7 12. Re1 a5 13. Qe2 Nb8 14. Rac1 Qd8 15. f4 Bd6 16. f5 exf5 17. Bxf5 Nc6 18. Qf3 Ne7 19. Bd3 Ba6 20.
c4 dxc4 21. bxc4 Bxe5 22. Rxe5 Ng6 1-0

[Event "TOP 12F 2021"]
[Site "RENNES, France"]
[Date "2021.08.26"]
[Round "1.16"]
[White "Parot de Sousa, Sophie"]
[Black "Fischer, Julie"]
[Result "0-1"]
[TimeControl "1H30 + 30 sec/coup"]
[WhiteElo "1447"]
[BlackElo "2073"]

1. c4 Nf6 2. Nc3 g6 3. Nf3 Bg7 4. g3 O-O 5. Bg2 d6 6. O-O Nc6 7. d4 e5 8. d5 Nb8 9. e4 a5 10.
Bg5 h6 11. Bc1 Na6 12. Nd2 Nc5 13. Nb3 Nfd7 14. Nxc5 Nxc5 15. Be3 b6 16. Qc2 Bd7 17. Rac1 Qc8 18. Bxc5 bxc5 19. Nb5 a4 20. Nc3 Qb7 21. b3 axb3 22.
axb3 Rfb8 23. Ra1 Rxa1 24. Rxa1 Qxb3 25. Qxb3 Rxb3 26. Ra8+ Kh7 27. Na2 Rb1+ 28. Bf1 Bh3 0-1